 Dungeon Crawl Stone Soup version 0.25-b1-46-gb8a1ec05df (webtiles) character file.

Game seed: 3242105403253125693

749 gruber the Carver (level 7, -12/61 HPs)
             Began as a Minotaur Hunter on June 11, 2020.
             Mangled by an ice beast (13 damage)
             ... on level 5 of the Dungeon.
             The game lasted 00:06:09 (6376 turns).

gruber the Carver (Minotaur Hunter)                 Turns: 6376, Time: 00:06:10

Health: -12/61     AC:  3    Str: 18    XL:     7   Next: 48%
Magic:  15/15      EV: 13    Int:  8    God:
Gold:   149        SH:  0    Dex: 11    Spells: 6/6 levels left

rFire    . . .     SeeInvis .   t - +0 falchion
rCold    . . .     Gourm    .   (no shield)
rNeg     . . .     Faith    .   c - +0 leather armour
rPois    .         Spirit   .   (helmet restricted)
rElec    .         Reflect  .   (no cloak)
rCorr    .         Harm     .   (no gloves)
MR       .....                  (no boots)
Stlth    +.........             (no amulet)
HPRegen  0.20/turn              q - ring of magical power
MPRegen  0.14/turn              (no ring)

@: no status effects
A: retaliatory headbutt, horns 2
a: no special abilities


You were on level 5 of the Dungeon.
You were hungry.

You visited 1 branch of the dungeon, and saw 5 of its levels.

You collected 149 gold pieces.

Inventory:

Hand Weapons
 a - a +1 hand crossbow
 t - a +0 falchion (weapon)
Missiles
 d - 62 bolts
 l - 5 javelins (quivered)
 y - 4 curare-tipped darts
Armour
 c - a +0 leather armour (worn)
Jewellery
 q - a ring of magical power (left hand)
 v - an uncursed amulet of guardian spirit {unknown}
Wands
 b - a wand of flame (17)
 x - a wand of disintegration (15)
 B - a wand of digging (3)
Scrolls
 e - 7 scrolls of remove curse {unknown}
 g - 2 scrolls of enchant armour {unknown}
 h - 2 scrolls of immolation {unknown}
 j - 2 scrolls of noise {unknown}
 m - 4 scrolls of teleportation {unknown}
 n - 4 scrolls of identify {unknown}
 o - a scroll of random uselessness {unknown}
 p - 2 scrolls of blinking {unknown}
 w - 2 scrolls of magic mapping {unknown}
Potions
 i - a potion of might {unknown}
 r - a potion of degeneration {unknown}
 s - 3 potions of haste {unknown}
 u - a potion of stabbing {unknown}
 z - a potion of experience {unknown}
 A - a potion of flight {unknown}
 C - a potion of invisibility {unknown}
 D - 2 potions of curing {unknown}
Comestibles
 f - 7 rations


   Skills:
 - Level 5.0 Fighting
 - Level 8.0 Long Blades
 - Level 4.3 Crossbows
 * Level 4.0 Dodging
 - Level 0.7 Stealth


You had 6 spell levels left.
You didn't know any spells.
Your spell library was empty.

Dungeon Overview and Level Annotations

Branches:
Dungeon (5/15)
 Temple: D:4-7

Altars:
Kikubaaqudgha
Makhleb
Sif Muna
Trog
Wu Jian
Xom
Yredelemnul
Zin


Innate Abilities, Weirdness & Mutations

You reflexively headbutt those who attack you in melee.
You have a pair of horns on your head.


Message History

You are too injured to fight recklessly!
You are too injured to fight recklessly!
You are too injured to fight recklessly!
You barely miss the ice beast.
The ice beast is heavily wounded.
The ice beast closely misses you.
You hit the ice beast but do no damage. Your headbutt misses the ice beast.
The ice beast is heavily wounded.
The ice beast hits you.
* * * LOW HITPOINT WARNING * * *
The ice beast freezes you!
* * * LOW HITPOINT WARNING * * *
You barely miss the ice beast. You headbutt the ice beast.
The ice beast is severely wounded.
You barely miss the ice beast.
The ice beast is severely wounded.
The ice beast hits you.
* * * LOW HITPOINT WARNING * * *
The ice beast freezes you!
You die...

###..# . #.
....#.# . #. .#
.......#.#.##.#
.........#.....
..............#
..............#
.........Y....#
.........@....#
.........)..##
.....#%....##
#####...####
##.......#
.........#
>...##...# ####
#...# ##..#


You could see an ice beast.

Vanquished Creatures
  2 ogres
  2 scorpions (D:4)
  An orc wizard (D:4)
  A centaur skeleton (D:5)
  A hound (D:5)
  Natasha (thrice) (D:2)
  3 worker ants (D:4)
  A hound skeleton (D:3)
  4 gnolls (D:3)
  6 adders
  An ooze (D:3)
  4 worms
  5 leopard geckos
  15 orcs
  9 bats
  8 giant cockroaches
  13 goblins
  7 hobgoblins
  12 jackals
  A quokka (D:3)
  A ball python (D:2)
  3 frilled lizards (D:2)
  12 kobolds
  A leopard gecko skeleton (D:5)
  7 rats
  A spectral orc (D:3)
  A plant (D:2)
125 creatures vanquished.

Notes
Turn   | Place    | Note
-------+----------+-------------------------------------------
     0 | D:1      | gruber the Minotaur Hunter began the quest for the Orb.
     0 | D:1      | Reached XP level 1. HP: 18/18 MP: 0/0
   171 | D:1      | Reached XP level 2. HP: 16/26 MP: 1/1
  1009 | D:2      | Reached XP level 3. HP: 16/34 MP: 2/2
  1360 | D:2      | Found an ornate altar of the Wu Jian Council.
  1702 | D:2      | Found a bloodstained altar of Trog.
  1884 | D:2      | Found a shimmering blue altar of Sif Muna.
  2244 | D:2      | Reached skill level 5 in Fighting
  2314 | D:2      | Reached skill level 1 in Long Blades
  2314 | D:2      | Reached XP level 4. HP: 35/42 MP: 3/3
  2514 | D:2      | Noticed Natasha
  2527 | D:2      | Killed Natasha
  2527 | D:2      | Reached skill level 2 in Long Blades
  2630 | D:2      | Found a shimmering altar of Xom.
  3047 | D:2      | Noticed Natasha
  3055 | D:2      | Killed Natasha
  3055 | D:2      | Reached skill level 3 in Long Blades
  3275 | D:2      | Noticed Natasha
  3285 | D:2      | Killed Natasha
  3285 | D:2      | Reached XP level 5. HP: 3/48 MP: 4/4
  3459 | D:2      | Reached skill level 4 in Long Blades
  3773 | D:3      | Noticed an ogre
  3795 | D:3      | Killed an ogre
  3795 | D:3      | Reached skill level 5 in Long Blades
  3795 | D:3      | Reached XP level 6. HP: 53/56 MP: 5/5
  3894 | D:3      | Reached skill level 6 in Long Blades
  4814 | D:3      | Found a basalt altar of Yredelemnul.
  4898 | D:3      | Found a glowing silver altar of Zin.
  5021 | D:4      | HP: 2/56 [poisoned by a scorpion]
  5023 | D:4      | Reached skill level 7 in Long Blades
  5355 | D:4      | Found an ancient bone altar of Kikubaaqudgha.
  5403 | D:4      | Found a burning altar of Makhleb.
  5559 | D:4      | Reached XP level 7. HP: 61/61 MP: 6/6
  5941 | D:4      | Reached skill level 8 in Long Blades
  6058 | D:5      | Entered Level 5 of the Dungeon
  6199 | D:5      | Found the +6 lightning scales {run, rElec}
  6374 | D:5      | HP: 3/61 [ice beast (12)]
  6376 | D:5      | HP: 1/61 [ice beast (3)]
  6376 | D:5      | Mangled by an ice beast

Illustrated notes

Levels and vault maps discovered:
D:1:      lemuel_arrival_rhombus, layout_basic
D:2:      layout_basic, lemuel_doored_altar, tgw_xom, overflow_temple_1_default,
          lemuel_blue_sif_altar, serial_forest, infiniplex_forest_lined_3_way,
          infiniplex_forest_zigzag_1, infiniplex_forest_clump_diagonal,
          infiniplex_forest_clump_double, infiniplex_forest_end_2,
          infiniplex_forest_clump_cross, infiniplex_forest_corner_1,
          infiniplex_forest_clump_tiny, uniq_natasha
D:3:      layout_rooms, yredelemnul_forgotten_temple_becter, zin_treasury,
          minmay_fractal_squares_diagonal_5
D:4:      layout_basic, lemuel_coloured_pillars_altar, kiku_gazebo_pond_becter,
          st_stairs_11
D:5:      layout_rooms, nicolae_tso_besieged_by_evil,
          minmay_temple_entry_nine_rooms, first_ration, nicolae_ru_awakened_eye

Skill      XL: |  1  2  3  4  5  6  7 |
---------------+----------------------+-----
Fighting       | 3 4 5 |  5.0
Long Blades    | 1 3 5 7 8 |  8.0
Dodging        | 4 |  4.0
Crossbows      | |  4.3
Stealth        | |  0.7

Action                   |  1- 3 |  4- 6 |  7- 9 || total
-------------------------+-------+-------+-------++-------
Melee: Short sword       |    82 |       |       ||    82
       Headbutt          |    19 |    44 |    15 ||    78
       Falchion          |    15 |   181 |    58 ||   254
 Fire: Hand crossbow     |       |     8 |     3 ||    11
  Use: Potion            |       |     1 |       ||     1
 Stab: Sleeping          |       |     2 |       ||     2
  Eat: Chunk             |     4 |    10 |     3 ||    17
Armor: Leather armour    |    23 |    23 |     8 ||    54
Dodge: Dodged            |    83 |   107 |    28 ||   218
       Rpst.: Falchion   |     6 |    36 |     4 ||    46
